 Dungeon Crawl Stone Soup version 0.16.1-11-g651b585 (webtiles) character file.

458 maniek23 the Ducker (level 6, -10/44 HPs)
             Began as a Vampire Transmuter on Apr 3, 2015.
             Was an Initiate of Yredelemnul.
             Mangled by a mummy (16 damage)
             ... in an ossuary.
             The game lasted 00:17:16 (4612 turns).

maniek23 the Ducker (Vampire Transmuter)            Turns: 4612, Time: 00:17:16

Health: -10/44     AC:  6    Str:  9    XL:     6   Next: 77%
Magic:  11/11      EV: 12    Int: 15    God:    Yredelemnul [......]
Gold:   176        SH:  0    Dex: 16    Spells: 3 memorised, 2 levels left

rFire  . . .     SeeInvis +     a - +0 short sword
rCold  . . .     Clarity  +     n - +0 ring mail (curse)
rNeg   + . .     SustAb   .     (no shield)
rPois  .         Gourm    .     (no helmet)
rElec  .         Spirit   .     (no cloak)
rCorr  .         Warding  .     h - +0 pair of gloves
rMut   .         Stasis   .     (no boots)
MR     .....                    g - amulet of clarity
Stlth  +.........               (no ring)
                                (no ring)

@: not resistant to hostile enchantments, very unstealthy
A: bottle blood, fangs 3, see invisible, unbreathing
a: Bat Form, Renounce Religion


You were in an ossuary.
You worshipped Yredelemnul.
Yredelemnul was noncommittal.
You were not thirsty.

You visited 2 branches of the dungeon, and saw 5 of its levels.
You also visited: Ossuary.

You collected 176 gold pieces.

Inventory:

Hand weapons
 a - a +0 short sword (weapon)
 s - a +0 dagger
Missiles
 b - 7 arrows
Armour
 c - a +0 robe
 f - a +0 leather armour
 h - a +0 pair of gloves (worn)
 i - a cursed +0 leather armour
 n - a cursed +0 ring mail (worn)
Jewellery
 g - an amulet of clarity (around neck)
 x - a +2 ring of protection {unknown}
Magical devices
 v - a wand of flame (24)
Scrolls
 e - 3 scrolls of identify
 l - a scroll of enchant weapon {unknown}
 p - a scroll of fog {unknown}
 q - a scroll of immolation {unknown}
 t - a scroll of recharging {unknown}
 u - 3 scrolls of remove curse {unknown}
Potions
 j - 4 potions of brilliance {unknown}
 k - a potion of heal wounds {unknown}
 r - 2 potions of cancellation {unknown}
 w - 6 potions of blood
Books
 d - a book of Changes

   Spells                             Type                      Level
   a - Beastly Appendage              Transmutation                1
   b - Sticks to Snakes               Transmutation                2
   c - Spider Form                    Transmutation/Poison         3
   d - Ice Form                       Ice/Transmutation            4
   e - Blade Hands                    Transmutation                5


   Skills:
 + Level 1.9 Fighting
 + Level 0.7 Short Blades
 + Level 1.9 Armour
 + Level 4.6 Dodging
 + Level 1.4 Stealth
 + Level 4.5 Unarmed Combat
 + Level 2.3 Spellcasting
 * Level 3.4 Transmutations
 * Level 1.9 Ice Magic
 + Level 0.4 Evocations


You had 2 spell levels left.
You knew the following spells:

 Your Spells              Type           Power        Failure   Level  Hunger
a - Beastly Appendage     Trmt           ##....       17%         1    #......
b - Sticks to Snakes      Trmt           ##........   28%         2    ###....
c - Ice Form              Ice/Trmt       #.......     99%         4    #####..


Dungeon Overview and Level Annotations

Branches:
Dungeon (4/15)             Temple (1/1) D:4

Altars:
Cheibriados
Dithmenos
Elyvilon
Gozag
Nemelex Xobeh
Okawaru
Qazlal
Sif Muna
Trog
Yredelemnul
Zin
The Shining One


Innate Abilities, Weirdness & Mutations

You can bottle blood from corpses.
You have razor-sharp teeth.
You have supernaturally acute eyesight.
You can survive without breathing.


Message History

The mummy misses you.
You hit the gnoll zombie but do no damage.
You bite the gnoll zombie, but do no damage.
The gnoll zombie hits you. The gnoll zombie closely misses you.
The orc zombie hits you but does no damage.
You barely miss the gnoll zombie. The mummy hits you!
The gnoll zombie hits you but does no damage.
The gnoll zombie misses you. The orc zombie barely misses you.
You hit the gnoll zombie but do no damage.
You punch the gnoll zombie. The gnoll zombie closely misses you.
The gnoll zombie barely misses you. The orc zombie closely misses you.
The mummy hits you!
* * * LOW HITPOINT WARNING * * *
You hit the gnoll zombie but do no damage.
The orc zombie barely misses you. The gnoll zombie hits you.
* * * LOW HITPOINT WARNING * * *
The gnoll zombie closely misses you.
You hit the gnoll zombie. The mummy hits you!
You die...
Yredelemnul claims you as an undead slave.

##.....##
#...∩...#
#.......#
#...∩...#
##.....##
##...## #...#
#####...#####
#........Z@Z#
##.......MZ##
#...........#
##.........##
...........
.........##
.........
.......##
.....


You could see a mummy, 2 gnoll zombies and an orc zombie.

Vanquished Creatures
  Grinder (D:3)
  4 gnolls
  5 adders
  A giant mite (D:4)
  2 worms
  4 giant geckos
  11 orcs
  9 bats
  3 giant cockroaches
  3 goblins
  5 hobgoblins
  A jackal (D:1)
  5 kobolds
  2 ball pythons (D:1)
  4 giant newts (D:2)
  2 goblin zombies (Ossuary)
  A hobgoblin zombie (Ossuary)
  An orc zombie (Ossuary)
  2 quokkas (D:3)
  7 rats
73 creatures vanquished.

Vanquished Creatures (collateral kills)
  An ogre (D:3)
  A giant newt (D:3)
2 creatures vanquished.

Grand Total: 75 creatures vanquished

Notes
Turn   | Place    | Note
--------------------------------------------------------------
     0 | D:1      | maniek23, the Vampire Transmuter, began the quest for the Orb.
     0 | D:1      | Reached XP level 1. HP: 14/14 MP: 3/3
   336 | D:1      | Reached XP level 2. HP: 8/20 MP: 4/4
   559 | D:1      | Reached skill level 1 in Fighting
   559 | D:1      | Reached skill level 4 in Unarmed Combat
   585 | D:1      | You fall through a shaft!
   638 | D:2      | Reached XP level 3. HP: 26/26 MP: 4/6
   664 | D:2      | Learned a level 2 spell: Sticks to Snakes
  1516 | D:2      | Reached XP level 4. HP: 27/32 MP: 5/7
  1525 | D:2      | Learned a level 4 spell: Ice Form
  2460 | D:3      | Noticed Grinder
  2477 | D:3      | Paralysed by Grinder for 6 turns
  2505 | D:3      | Reached XP level 5. HP: 16/37 MP: 7/9
  2703 | D:3      | Paralysed by Grinder for 7 turns
  2721 | D:3      | Paralysed by Grinder for 4 turns
  2732 | D:3      | Paralysed by Grinder for 4 turns
  3071 | D:3      | Paralysed by Grinder for 3 turns
  3088 | D:3      | HP: 1/37 [Grinder (2)]
  3090 | D:3      | Killed Grinder
  3090 | D:3      | Reached skill level 1 in Armour
  3090 | D:3      | Reached skill level 1 in Ice Magic
  3090 | D:3      | Reached XP level 6. HP: 2/44 MP: 11/11
  3572 | D:3      | Noticed an ogre
  3731 | D:3      | Killed an ogre
  3731 | D:3      | Reached skill level 1 in Stealth
  4037 | D:4      | Found a staircase to the Ecumenical Temple.
  4056 | Temple   | Entered the Ecumenical Temple
  4342 | Temple   | Became a worshipper of Yredelemnul the Dark
  4475 | D:4      | Found a shadowy altar of Dithmenos.
  4534 | D:4      | Found a sand-covered staircase.
  4565 | Ossuary  | Entered an ossuary
  4612 | Ossuary  | Mangled by a mummy

Action                   |  1- 3 |  4- 6 || total
-------------------------+-------+-------++-------
Melee: Unarmed           |    99 |    92 ||   191
       Dagger            |       |    95 ||    95
       Short sword       |       |    96 ||    96
 Cast: Beastly Appendage |     4 |     4 ||     8
       Sticks to Snakes  |       |     5 ||     5
 Abil: Bat Form          |       |     6 ||     6
       End Transformatio |       |     6 ||     6
Evoke: Wand              |       |     4 ||     4
  Use: Potion            |     2 |     5 ||     7
       Scroll            |       |     5 ||     5
 Stab: Distracted        |       |     1 ||     1
       Sleeping          |       |     1 ||     1
  Eat: Corpse            |     5 |       ||     5
